 Dungeon Crawl Stone Soup version 0.29-a0-364-g921d912d32 (webtiles) character file.

Game seed: 6024922694213820378

87 spaghetti the Ogre Mage (level 4, 0/39 HPs)
             Began as an Ogre Air Elementalist on May 1, 2022.
             Was a Follower of Cheibriados.
             Slain by an orc
             ... wielding a +0 whip
              (5 damage)
             ... on level 3 of the Dungeon.
             The game lasted 00:05:05 (2554 turns).

spaghetti the Ogre Mage (Ogre Air Elementalist)     Turns: 2554, Time: 00:05:06

Health: 0/39       AC:  5    Str: 19    XL:     4   Next: 51%
Magic:  7/9        EV: 10    Int: 21    God:    Cheibriados [*.....]
Gold:   158        SH:  0    Dex: 12    Spells: 6/10 levels left

rFire   . . .      SeeInvis .   u - +0 mace "Giant's Demise" {holy, +Blink Str+4, mace}
rCold   . . .      Faith    .   (no shield)
rNeg    . . .      Spirit   .   a - +0 robe
rPois   .          Reflect  .   (helmet restricted)
rElec   .          Harm     .   b - +1 cloak
rCorr   .          Rampage  .   (gloves unavailable)
Will    .....                   (boots unavailable)
Stlth   ++........              (no amulet)
HPRegen 0.13/turn               (no ring)
MPRegen 0.11/turn               (no ring)

@: on berserk cooldown, attractive, slowed, very slow
A: large, unfitting armour, tough skin 1
a: Renounce Religion, Evoke Blink, Bend Time


You were on level 3 of the Dungeon.
You worshipped Cheibriados.
Cheibriados was aware of your devotion.
You visited 1 branch of the dungeon, and saw 3 of its levels.

You collected 158 gold pieces.


Innate Abilities, Weirdness & Mutations

You are too large for most types of armour.
You have tough skin. (AC +1)


   Skills:
 - Level 1.7 Dodging
 - Level 1.4 Stealth
 * Level 3.8 Spellcasting
 - Level 0.8 Conjurations
 + Level 0.9 Summonings
 * Level 3.7 Air Magic


You had 6 spell levels left.
You knew the following spells:

 Your Spells              Type           Power      Damage    Failure   Level
a - Shock                 Conj/Air       52%        1d6       4%          1
b - Call Canine Familiar  Summ           8%         N/A       26%         3

Your spell library contained the following spells:

 Spells                   Type           Power      Damage    Failure   Level
 Static Discharge         Conj/Air       13%        N/A       7%          2
 Swiftness                Air            19%        N/A       8%          3
 Summon Small Mammal      Summ           32%        N/A       9%          1
 Airstrike                Air            9%         N/A       26%         4
 Summon Guardian Golem    Hex/Summ       6%         N/A       30%         3

Inventory:

Hand Weapons
 f - a +0 war axe {axe}
   (You found it on level 1 of the Dungeon)
 g - a +0 dagger {short}
   (You took it off a kobold on level 1 of the Dungeon)
 k - a +0 dagger {short}
   (You took it off a kobold on level 1 of the Dungeon)
 l - a +0 falchion {long}
   (You found it on level 1 of the Dungeon)
 n - a +0 dagger {short}
   (You took it off a kobold on level 1 of the Dungeon)
 u - the +0 mace "Giant's Demise" (weapon) {holy, +Blink Str+4, mace}
   (You found it on level 2 of the Dungeon)

   It has been blessed by the Shining One to cause great damage to the undead
   and demons.
   Str:       It affects your strength (+4).
   +Blink:    It lets you blink.
Missiles
 i - 3 javelins {throwing}
 j - 101 stones {throwing}
 p - 10 poisoned darts {throwing}
Armour
 a - a +0 robe (worn)
 b - a +1 cloak (worn)
   (You took it off Crazy Yiuf on level 2 of the Dungeon)
Wands
 q - a wand of charming (2)
   (You found it on level 2 of the Dungeon)
Scrolls
 e - 2 scrolls of blinking {!r}
 h - 2 scrolls of identify {@r1}
 m - 2 scrolls of torment

Dungeon Overview and Level Annotations

Branches:
Dungeon (3/15)

Altars:
Cheibriados

Annotations:
D:3 Ijyb

##.. +#. #... ...#
#..###+#+#...#
#..#.#.#.#...## #...
#.#.#....# #..# #.#.....
##..# #....#
#.##.#...####...#
.....)o@.....#..# #
......og.###.#..# ..
................##+##...
#........###.##.......##
........................
.........#.#..###.######
#.....##.#).............
#..... #.#.#..###.......
.............#####


You could see an orc (ally target), the friendly Ijyb (charmed, strong) and a
friendly orc priest (charmed).


Message History

The orc hits you with a +0 whip.
* * * LOW HITPOINT WARNING * * *
😨 HP[-6]
You take 6 damage, and now have 21/58 hp.
As you read the scroll labelled CORRUN REZAO, it crumbles to dust.
It is a scroll of identify.
m - 2 scrolls of torment Your transformation is almost over.
The orc priest hits you with a +0 club.
* * * LOW HITPOINT WARNING * * *
The orc hits you but does no damage. Ijyb hits you but does no damage.
The orc hits you but does no damage. x2
The orc hits you with a +2 whip of freezing.
* * * LOW HITPOINT WARNING * * *
The orc freezes you.
* * * LOW HITPOINT WARNING * * *
The orc priest hits you with a +0 club.
* * * LOW HITPOINT WARNING * * *
Ijyb hits you with a +0 club.
* * * LOW HITPOINT WARNING * * *
😱 HP[-12]
You take 12 damage, and now have 9/58 hp.
MASSIVE DAMAGE!! (PAUSE)
As you read the scroll labelled YBIECE MIUNIE, it crumbles to dust.
You feel a strange sense of stasis.
It was a scroll of teleportation.
The orc priest hits you but does no damage.
The orc hits you but does no damage. Ijyb hits you but does no damage.
The orc hits you but does no damage. 😱 HP[+1]
As you read the scroll labelled KYHOWAE ZUEHU, it crumbles to dust.
It is a scroll of amnesia.
Really abort (and waste the scroll)?
Okay, then.
The orc priest hits you but does no damage.
The orc completely misses you. Ijyb hits you but does no damage.
The orc hits you but does no damage.
The orc priest hits you but does no damage.
The orc completely misses you. Ijyb hits you but does no damage.
The orc hits you with a +2 whip of freezing.
* * * LOW HITPOINT WARNING * * *
The orc freezes you.
* * * LOW HITPOINT WARNING * * *
😱 HP[-7] MP[+1]
You take 7 damage, and now have 3/58 hp.
Unknown command.
Unknown command.
You feel better.
The orc priest hits you but does no damage.
The orc hits you but does no damage. Ijyb hits you but does no damage.
The orc hits you but does no damage. 😱 HP[+11]
You regained 11 hp, and now have 14/58 hp.
You aren't carrying any potions.
Unknown command.
You aren't carrying any potions.
Okay, then.
Okay, then.
Aiming: Charm
Press: ? - help, Shift-Dir - straight line, f - Ijyb
Aim: Ijyb, wielding a +0 club, wearing a +0 scale mail and carrying a wand of digging (1) (lightly wounded, strong, chance to affect: 57%) Ijyb is charmed.
The orc priest hits you but does no damage.
The orc hits you with a +2 whip of freezing.
* * * LOW HITPOINT WARNING * * *
The orc freezes you.
* * * LOW HITPOINT WARNING * * *
The orc hits you but does no damage. x3
The orc priest hits you but does no damage. 😱 HP[-2]
You take 2 damage, and now have 12/58 hp.
Aiming: Charm
Press: ? - help, Shift-Dir - straight line, f - orc priest, p - Ijyb
Aim: an orc priest, wielding a +0 club (chance to affect: 49%)
The orc priest is charmed.
The orc hits you but does no damage. The orc hits you with a +0 whip.
* * * LOW HITPOINT WARNING * * *
😱 HP[-1]
You take 1 damage, and now have 11/58 hp.
You closely miss the orc.
Your orc priest hits the orc with a +0 club.
The orc hits you but does no damage. x2; The orc hits you with a +0 whip.
* * * LOW HITPOINT WARNING * * *
The orc hits you but does no damage.
Your orc priest looks satisfied for a moment. 😱 HP[-1]
You take 1 damage, and now have 10/58 hp.
Unknown command.
Unknown command.
You thump the orc!
You kill the orc!
Cheibriados appreciates the change of pace.
Cheibriados raises the support of your attributes as your movement slows.
You feel less wooden.
Your +1 cloak unmelds from your body.
Your +0 robe unmelds from your body.
The orc hits you with a +0 whip.
* * * LOW HITPOINT WARNING * * *
Your orc priest hits the orc with a +0 club.
Your orc priest barely misses the orc.
The orc hits you with a +0 whip.
You die...

Skill      XL: |  1  2 |
---------------+-------+-----
Air Magic      | 3 |  3.7
Spellcasting   | 3 |  3.8
Dodging        | |  1.7
Stealth        | |  1.4
Conjurations   | |  0.8
Summonings     | |  0.9

Action                   |  1- 3 |  4- 6 || total
-------------------------+-------+-------++-------
Melee: War axe           |    27 |       ||    27
       Mace              |       |    15 ||    15
 Cast: Shock             |    62 |     7 ||    69
       Call Canine Famil |     3 |       ||     3
Evoke: Wand              |       |     2 ||     2
  Use: Potion            |     1 |     5 ||     6
       Scroll            |       |     5 ||     5
Armor: Robe              |    13 |       ||    13
       Skin              |       |    74 ||    74
Dodge: Dodged            |    17 |    16 ||    33

Levels and vault maps discovered:
D:1:      lemuel_arrival_rhombus, layout_loops_ring, minmay_hexomino_r4
D:2:      layout_basic, serial_forest, infiniplex_forest_end_3,
          infiniplex_forest_lined_3_way, infiniplex_forest_straight_3,
          infiniplex_forest_clump_tiny, infiniplex_forest_clump_small,
          infiniplex_forest_straight_4, nicolae_ecumenical_oubliette,
          grunt_ministairs_7, uniq_crazy_yiuf_cottage
D:3:      layout_basic, minmay_misc_feat_room, uniq_grinder, uniq_ijyb,
          uniq_pargi

Notes
Turn   | Place    | Note
-------+----------+-------------------------------------------
     0 | D:1      | spaghetti the Ogre Air Elementalist began the quest for the
                  | Orb.
     0 | D:1      | Reached XP level 1. HP: 16/16 MP: 3/3
     0 | D:1      | magus.rc [v1.9.6]
   243 | D:1      | You pick up a book of Callings and begin reading...
   243 | D:1      | You add the spells Summon Small Mammal, Call Canine
                  | Familiar and Summon Guardian Golem to your library.
   303 | D:1      | magus.rc [v1.9.6]
   391 | D:1      | Reached XP level 2. HP: 24/24 MP: 2/5
   424 | D:1      | Reached skill level 3 in Air Magic
   585 | D:1      | Found a snail-covered altar of Cheibriados.
   591 | D:1      | Became a worshipper of Cheibriados the Contemplative
   593 | D:1      | Reached skill level 3 in Spellcasting
  1001 | D:2      | Found a faded altar of an unknown god.
  1014 | D:2      | Reached XP level 3. HP: 21/31 MP: 4/7
  1042 | D:2      | Learned a level 3 spell: Call Canine Familiar
  1438 | D:2      | Reached * piety under Cheibriados
  2282 | D:2      | Found a runed translucent door.
  2283 | D:2      | Noticed Crazy Yiuf
  2329 | D:2      | Killed Crazy Yiuf
  2330 | D:2      | Reached XP level 4. HP: 27/39 MP: 6/9
  2345 | D:2      | Identified the +0 mace "Giant's Demise" {holy, +Blink
                  | Str+4}
  2526 | D:3      | Noticed Ijyb
  2547 | D:3      | HP: 13/58 [orc priest/+0 club (3)]
  2549 | D:3      | HP: 5/58 [orc/+2 whip of freezing (5)]
  2554 | D:3      | HP: 5/39 [orc/+0 whip (2)]
  2554 | D:3      | Slain by an orc

Vanquished Creatures
  Crazy Yiuf (D:2)
  A worm (D:2)
  A dart slug (D:2)
  3 orcs (D:3)
  7 ball pythons
  A bat (D:1)
  7 endoplasms
  2 giant cockroaches (D:1)
  A goblin (D:2)
  7 hobgoblins
  4 jackals (D:2)
  A quokka (D:1)
  6 kobolds
  4 rats
46 creatures vanquished.

Vanquished Creatures (others)
  2 plants (D:2)
2 creatures vanquished.

Grand Total: 48 creatures vanquished

Table legend:
 A = Non-vault XP
 B = Vault XP
 C = Vault XP percentage of total XP
 D = Non-vault monster count
 E = Vault monster count
 F = Vault count percentage of total count
                 A         B        C        D         E       F
            +---------+---------+-------+---------+---------+-------
      Total |      80 |      48 |  37.5 |      40 |       6 |  13.0
            +---------+---------+-------+---------+---------+-------
        D:1 |      19 |       4 |  17.4 |      12 |       3 |  20.0
        D:2 |      52 |      44 |  45.8 |      25 |       3 |  10.7
        D:3 |       9 |       0 |   0.0 |       3 |       0 |   0.0
            +---------+---------+-------+---------+---------+-------

Illustrated notes

Table legend:
 A = Kills in this place as a percentage of kills in entire the game.
 B = Kills by you in this place as a percentage of kills by you in the entire game.
 C = Kills by friends in this place as a percentage of kills by friends in the entire game.
 D = Other kills in this place as a percentage of other kills in the entire game.
 E = Experience gained in this place as a percentage of experience gained in the entire game.
 F = Experience gained in this place divided by the number of levels of this place that you have seen.
                   A       B       C       D       E      F
               +-------+-------+-------+-------+-------+----------------------
         Total | 100.0 | 100.0 |   N/A |   N/A | 100.0 |  42.7
       Dungeon | 100.0 | 100.0 |   N/A |   N/A | 100.0 |  42.7
               +-------+-------+-------+-------+-------+----------------------

Table legend: (Time is in decaauts)
 A = Elapsed time spent in this place.
 B = Non-inter-level travel time spent in this place.
 C = Inter-level travel time spent in this place.
 D = Time resting spent in this place.
 E = Time spent auto-exploring this place.
 F = Levels seen in this place.
 G = Mean time per level.
                   A        B        C        D        E       F      G
               +--------+--------+--------+--------+--------+-----+--------+
         Total |   2900 |   2813 |     87 |    350 |   2197 |   3 |  966.7 |
       Dungeon |   2900 |   2813 |     87 |    350 |   2197 |   3 |  966.7 |
               +--------+--------+--------+--------+--------+-----+--------+

Top non-repeatable levels by time:
     D:2: 1722 daAuts
     D:1: 1086 daAuts
     D:3: 91 daAuts
